 Dungeon Crawl Stone Soup version 0.26-a0-651-gb41185065b (webtiles) character file.

Game seed: 5641744474927494819

7 gbos the Chiller (level 2, -1/20 HPs)
             Began as a Ghoul Ice Elementalist on Oct 16, 2020.
             Slain by a jackal (2 damage)
             ... on level 1 of the Dungeon.
             The game lasted 00:01:08 (485 turns).

gbos the Chiller (Ghoul Ice Elementalist)            Turns: 485, Time: 00:01:09

Health: -1/20      AC:  2    Str: 11    XL:     2   Next: 4%
Magic:  0/3        EV:  8    Int: 10    God:
Gold:   30         SH:  0    Dex:  9    Spells: 3/4 levels left

rFire    . . .     SeeInvis .   (no weapon)
rCold    + . .     Faith    .   (no shield)
rNeg     + + +     Spirit   .   a - +0 robe
rPois    ∞         Reflect  .   (no helmet)
rElec    .         Harm     .   (no cloak)
rCorr    .         Rampage  .   (no gloves)
MR       .....                  (no boots)
Stlth    ++........             (no amulet)
HPRegen  0.00/turn              (no ring)
MPRegen  0.08/turn              c - -4 ring of evasion (curse)

@: no status effects
A: rotting body, claws 1, cold resistance 1, negative energy resistance 3,
inhibited regeneration, torment resistance, unbreathing
a: no special abilities


You were on level 1 of the Dungeon.
You visited 1 branch of the dungeon, and saw 1 of its levels.

You collected 30 gold pieces.


Innate Abilities, Weirdness & Mutations

Your body is rotting away.
You thrive by killing the living.
You are immune to poison.
You have sharp fingernails.
Your flesh is cold resistant. (rC+)
You are immune to negative energy. (rN+++)
You do not regenerate when monsters are visible.
You are immune to unholy pain and torment.
You can survive without breathing.


   Skills:
 + Level 2.1 Dodging
 - Level 2.1 Stealth
 - Level 1.7 Spellcasting
 + Level 4.6 Ice Magic


You had 3 spell levels left.
You knew the following spells:

 Your Spells              Type           Power        Failure   Level
z - Freeze                Ice            ##..         4%          1

Your spell library contained the following spells:

 Spells                   Type           Power        Failure   Level
 Frozen Ramparts          Ice            ##....       14%         3
 Ozocubu's Armour         Ice            ##......     14%         3
 Hailstorm                Conj/Ice       #.......     77%         4
 Summon Ice Beast         Ice/Summ       #.......     77%         4

Inventory:

Hand Weapons
 b - a +3 short sword of electrocution
Armour
 a - a +0 robe (worn)
Jewellery
 c - a cursed -4 ring of evasion (right claw)

Dungeon Overview and Level Annotations

Branches:
Dungeon (1/15)

Altars:

....▒+▒▒▒ ▒▒.▒'▒▒▒........
.....+▒▒▒▒▒ ▒.▒...'........
..........▒ ▒.▒▒▒▒▒........
..........▒ ▒..▒▒▒▒........
.▒▒†......▒▒▒.....▒(.......
..........+..>....'........
▒▒▒.......▒▒▒▒....▒▒▒▒▒▒▒▒▒
▒...............▒
▒............hnh▒
▒.▒▒▒.......▒▒h▒▒ ▒.▒
...... ▒.l▒ ▒. ...... ▒▒.▒
.. .▒ ▒ .. ▒.▒ .. ..▒


You could see 3 jackals and a frilled lizard.


Message History

* * * LOW HITPOINT WARNING * * *
The jackal misses you. The jackal bites you.
* * * LOW HITPOINT WARNING * * *
The jackal barely misses you.
Aim: a jackal (heavily wounded)
You freeze the jackal.
You kill the jackal!
You have reached level 2!
The jackal barely misses you. The jackal bites you.
* * * LOW HITPOINT WARNING * * *
The jackal bites you.
* * * LOW HITPOINT WARNING * * *
There is an open door here.
Aiming: Freeze (safe; 4% risk of failure)
Aim: a jackal You freeze the jackal.
The jackal is almost dead.
The jackal bites you.
* * * LOW HITPOINT WARNING * * *
The jackal closely misses you.
You scratch the jackal but do no damage.
The jackal is almost dead.
The jackal completely misses you.
The jackal bites you but does no damage.
You closely miss the jackal.
The jackal is almost dead.
The jackal bites you.
You die...

Action                   || total
-------------------------++-------
Melee: Unarmed           ||    32
 Cast: Freeze            ||     7
  Use: Scroll            ||     1
 Stab: Sleeping          ||     1
Armor: Robe              ||    17
Dodge: Dodged            ||    33

Levels and vault maps discovered:
D:1:      elethiomel_arrival_maze, layout_basic

Notes
Turn   | Place    | Note
-------+----------+-------------------------------------------
     0 | D:1      | gbos the Ghoul Ice Elementalist began the quest for the
                  | Orb.
     0 | D:1      | Reached XP level 1. HP: 14/14 MP: 2/2
    88 | D:1      | Reached skill level 2 in Dodging
   478 | D:1      | HP: 4/14 [jackal (2)]
   479 | D:1      | HP: 1/14 [jackal (2)]
   480 | D:1      | Reached XP level 2. HP: 5/20 MP: 1/3
   485 | D:1      | Slain by a jackal

Vanquished Creatures
  A jackal (D:1)
  2 bats (D:1)
  A frilled lizard (D:1)
  3 kobolds (D:1)
  A rat (D:1)
8 creatures vanquished.
